 Dungeon Sprint DCSS version 0.18.1-50-g88ac8fd (webtiles) character file.

91 Kagutsuchi the Skirmisher (level 4, -1/41 (45) HPs)
             Began as a Draconian Berserker on Dec 29, 2016.
             Was a Believer of Trog.
             Slain by a necrophage (6 damage)
             ... in the Dungeon (Sprint II: "The Violet Keep of Menkaure").
             The game lasted 00:00:30 (163 turns).

Kagutsuchi the Skirmisher (Draconian Berserker)      Turns: 163, Time: 00:00:31

HP:   -1/41 (45)    AC:  5    Str: 19    XL:     4   Next: 33%
MP:   4/4           EV: 14    Int:  8    God:    Trog [**....]
Gold: 0             SH:  0    Dex: 11    Spells: 0 memorised, 3 levels left

rFire  . . .     SeeInvis .     a - +0 falchion
rCold  . . .     Gourm    .     (armour unavailable)
rNeg   . . .     Faith    .     (no shield)
rPois  .         Spirit   .     (helmet restricted)
rElec  .         Dismiss  .     (no cloak)
rCorr  .         Reflect  .     (no gloves)
SustAt .         Harm     .     (no boots)
MR     .....     NoTele   +     (no amulet)
Stlth  +.........               (no ring)
                                (no ring)

@: exhausted, non-regenerating, badly diseased, slowed, very slow, not resistant
to hostile enchantments, very unstealthy
A: unfitting armour, cold-blooded, AC +5
a: Berserk, Trog's Hand, Burn Spellbooks, Renounce Religion


You were in the Dungeon.
You worshipped Trog.
Trog was pleased with you.
You were not hungry.

You visited 1 branch

Inventory:

Hand Weapons
 a - a +0 falchion (weapon)
Scrolls
 h - a scroll of blinking
Potions
 c - a potion of curing
 d - a potion of heal wounds
 e - a potion of haste
 f - 2 potions of magic
 g - a potion of berserk rage
Comestibles
 b - a bread ration


   Skills:
 + Level 6.4 Fighting
 + Level 5.7 Long Blades
 + Level 5.1 Dodging


You had 3 spell levels left.
You didn't know any spells.

Dungeon Overview and Level Annotations

Branches:
Dungeon (1/1)

Altars:


Innate Abilities, Weirdness & Mutations

Your plain brown scales are hard (AC +5).
Your body does not fit into most forms of armour.
You are cold-blooded and may be slowed by cold attacks.


Message History

The necrophage is moderately damaged.
The necrophage hits you.
Your flesh rots away! x2; The necrophage hits you.
The necrophage closely misses you.
The necrophage hits you but does no damage.
You hit the necrophage.
The necrophage is heavily damaged.
The necrophage hits you but does no damage.
The necrophage hits you.
You feel ill.
Your flesh rots away! x2
You hit the necrophage.
The necrophage is heavily damaged.
The necrophage hits you but does no damage.
The necrophage hits you. The necrophage closely misses you.
The necrophage hits you.
* * * LOW HITPOINT WARNING * * *
You closely miss the necrophage.
The necrophage is heavily damaged.
The necrophage hits you!
* * * LOW HITPOINT WARNING * * *
The necrophage hits you.
You die...

## ## ##.
.## #.n
..# #n#n#
## #@#
#.#
##.##.#
+.<.†#
##.##...#
#+# #.##
##


You could see 3 necrophages.

Vanquished Creatures
  A necrophage (D)
  3 worms (D)
4 creatures vanquished.

Vanquished Creatures (others)
  Menkaure (D)
  A crocodile (D)
2 creatures vanquished.

Grand Total: 6 creatures vanquished

Notes
Turn   | Place    | Note
--------------------------------------------------------------
     0 | D        | Kagutsuchi the Draconian Berserker began the quest for the Orb.
     0 | D        | Reached XP level 1. HP: 19/19 MP: 1/1
    10 | D        | Reached ** piety under Trog
    10 | D        | Reached skill level 4 in Fighting
    19 | D        | Reached XP level 2. HP: 16/28 MP: 2/2
    38 | D        | Killed Menkaure
    69 | D        | Killed a crocodile
   148 | D        | Noticed a necrophage
   148 | D        | Noticed a necrophage
   148 | D        | Noticed a necrophage
   148 | D        | Noticed a necrophage
   152 | D        | Killed a necrophage
   152 | D        | Reached skill level 6 in Fighting
   152 | D        | Reached skill level 5 in Long Blades
   152 | D        | Reached skill level 5 in Dodging
   152 | D        | Reached XP level 3. HP: 38/38 MP: 3/3
   152 | D        | Reached XP level 4. HP: 45/45 MP: 4/4
   163 | D        | Slain by a necrophage

Skill      XL: |  1  2 |
---------------+-------+-----
Dodging        | 3 5 |  5.1
Fighting       | 4 6 |  6.4
Long Blades    | 5 |  5.7

Action                   |  1- 3 |  4- 6 || total
-------------------------+-------+-------++-------
Melee: Falchion          |    14 |     8 ||    22
       Tailslap          |     2 |       ||     2
Invok: Berserk           |     2 |       ||     2
Armor: Skin              |     1 |     5 ||     6
Dodge: Dodged            |     4 |    10 ||    14
